PAA
MERCER ISLAND SCREAMING EAGLES @ SUN PRAIRIE SWALLOWS
09/03/2023
 
TOP OF THE 1ST
Mercer Island Screaming Eagles batting - Pitching for Sun Prairie Swallows : RHP Henry Yates
Pitching: RHP Henry Yates
Batting: RHB Jason Ruffin 0-0: Called Strike
0-1: Swinging Strike
0-2: Strikes out swinging
Batting: RHB Dong-po Tien 0-0: Ball
1-0: Ball
2-0: Ball
3-0: Called Strike
3-1: Fly out, F9 (Line Drive, 89M)
Batting: RHB Shawn McCormack 0-0: Ball
1-0: Ground out 2-3 (Groundball, 2R)
Top of the 1st over - 0 run(s), 0 hit(s), 0 error(s), 0 left on base; Mercer Island 0 - Sun Prairie 0
BOTTOM OF THE 1ST
Sun Prairie Swallows batting - Pitching for Mercer Island Screaming Eagles : LHP Luis Torres
Pitching: LHP Luis Torres
Batting: RHB José Silva 0-0: Foul Ball, location: 2F
0-1: Foul Ball, location: 2F
0-2: Ball
1-2: SINGLE (Groundball, 56D) (infield hit)
Batting: RHB Bob Wilson 0-0: Ball
1-0: Fly out, F7 (Flyball, 78M)
Batting: RHB Luis Tapia 0-0: Grounds into double play, 6-4-3 (Groundball, 6)
Bottom of the 1st over - 0 run(s), 1 hit(s), 0 error(s), 0 left on base; Mercer Island 0 - Sun Prairie 0
TOP OF THE 2ND
Mercer Island Screaming Eagles batting - Pitching for Sun Prairie Swallows : RHP Henry Yates
Batting: RHB Luis Antonio Hernández 0-0: Swinging Strike
0-1: Ball
1-1: Called Strike
1-2: Strikes out swinging
Batting: SHB León Estrada 0-0: Swinging Strike
0-1: Fly out, F9 (Flyball, 89M)
Batting: RHB Mike Kelly 0-0: Ball
1-0: Ball
2-0: SINGLE (Groundball, 56D)
Batting: RHB Jorge Peña 0-0: Ball
1-0: Called Strike
1-1: Foul Ball, location: 2F
1-2: Ground out 6-3 (Groundball, 6)
Top of the 2nd over - 0 run(s), 1 hit(s), 0 error(s), 1 left on base; Mercer Island 0 - Sun Prairie 0
BOTTOM OF THE 2ND
Sun Prairie Swallows batting - Pitching for Mercer Island Screaming Eagles : LHP Luis Torres
Batting: RHB Matías Torrella 0-0: Foul Ball, location: 2F
0-1: Ball
1-1: Ball
2-1: Called Strike
2-2: Fly out, F7 (Flyball, 78M)
Batting: RHB Reece White 0-0: Fly out, F8 (Line Drive, 8RM)
Batting: RHB Darby Carveth 0-0: Fly out, F7 (Flyball, 7M)
Bottom of the 2nd over - 0 run(s), 0 hit(s), 0 error(s), 0 left on base; Mercer Island 0 - Sun Prairie 0
TOP OF THE 3RD
Mercer Island Screaming Eagles batting - Pitching for Sun Prairie Swallows : RHP Henry Yates
Batting: RHB Leonardo Ramírez 0-0: Ball
1-0: Foul Ball, location: 2F
1-1: Foul Ball, location: 2F
1-2: Strikes out swinging
Batting: RHB P.J. O'Keefe 0-0: Called Strike
0-1: Ball
1-1: Ball
2-1: Foul Ball, location: 2F
2-2: Strikes out swinging
Batting: RHB Jason Ruffin 0-0: Foul Ball, location: 2F
0-1: Reached on error, E4 (Groundball, 4)
Batting: RHB Dong-po Tien 0-0: Called Strike
0-1: Ball
1-1: Foul Ball, location: 2F
1-2: Ball
2-2: Ball
3-2: Strikes out swinging
Top of the 3rd over - 0 run(s), 0 hit(s), 1 error(s), 1 left on base; Mercer Island 0 - Sun Prairie 0
BOTTOM OF THE 3RD
Sun Prairie Swallows batting - Pitching for Mercer Island Screaming Eagles : LHP Luis Torres
Batting: RHB Scott Forrest 0-0: Swinging Strike
0-1: Ground out 6-3 (Groundball, 6)
Batting: RHB Alfonso López 0-0: Ball
1-0: Ground out 6-3 (Groundball, 6)
Batting: RHB Joel Frazier 0-0: Called Strike
0-1: Ball
1-1: Ground out 5-3 (Groundball, 56S)
Bottom of the 3rd over - 0 run(s), 0 hit(s), 0 error(s), 0 left on base; Mercer Island 0 - Sun Prairie 0
TOP OF THE 4TH
Mercer Island Screaming Eagles batting - Pitching for Sun Prairie Swallows : RHP Henry Yates
Batting: RHB Shawn McCormack 0-0: Fly out, F8 (Flyball, 8RM)
Batting: RHB Luis Antonio Hernández 0-0: Called Strike
0-1: Foul Ball, location: 2F
0-2: Ball
1-2: Ball
2-2: Foul Ball, location: 2F
2-2: Strikes out swinging
Batting: SHB León Estrada 0-0: Swinging Strike
0-1: Swinging Strike
0-2: SINGLE (Flyball, 7S)
Batting: RHB Mike Kelly 0-0: Called Strike
0-1: DOUBLE (Line Drive, 5D)
León Estrada to third
Batting: RHB Jorge Peña 0-0: Ball
1-0: Called Strike
1-1: Ball
2-1: Fly out, F9 (Flyball, 89M)
Top of the 4th over - 0 run(s), 2 hit(s), 0 error(s), 2 left on base; Mercer Island 0 - Sun Prairie 0
BOTTOM OF THE 4TH
Sun Prairie Swallows batting - Pitching for Mercer Island Screaming Eagles : LHP Luis Torres
Batting: RHB José Silva 0-0: Ball
1-0: Called Strike
1-1: Called Strike
1-2: SINGLE (Line Drive, 6MD)
Batting: RHB Bob Wilson 0-0: Ball
1-0: Swinging Strike
1-1: Swinging Strike
1-2: Ball
2-2: Foul Ball, location: 2F
2-2: Ball
3-2: Base on Balls
José Silva to second
Batting: RHB Luis Tapia 0-0: Ball
1-0: Fly out, F7 (Popup, 5D)
Batting: RHB Matías Torrella 0-0: Ball
1-0: Foul Ball, location: 2F
1-1: Ground out 5-3 (Groundball, 5S)
José Silva to third
Bob Wilson to second
Batting: RHB Reece White 0-0: Ball
1-0: Ball
2-0: Ball
3-0: Base on Balls
Batting: RHB Darby Carveth 0-0: SINGLE (Line Drive, 89M)
José Silva scores
Bob Wilson to third
Reece White to second
Batting: RHB Scott Forrest 0-0: GRAND SLAM HOME RUN (Flyball, 7D), Distance : 407 ft
Batting: RHB Alfonso López 0-0: Fly out, F8 (Flyball, 89M)
Bottom of the 4th over - 5 run(s), 3 hit(s), 0 error(s), 0 left on base; Mercer Island 0 - Sun Prairie 5
TOP OF THE 5TH
Mercer Island Screaming Eagles batting - Pitching for Sun Prairie Swallows : RHP Henry Yates
Batting: RHB Leonardo Ramírez 0-0: Ball
1-0: Swinging Strike
1-1: Ball
2-1: Ball
3-1: Ground out 1-3 (Groundball, 15)
Batting: RHB P.J. O'Keefe 0-0: Swinging Strike
0-1: Ball
1-1: Swinging Strike
1-2: Foul Ball, location: 2F
1-2: Foul Ball, location: 2F
1-2: Ball
2-2: Strikes out swinging
Batting: RHB Jason Ruffin 0-0: Called Strike
0-1: Ball
1-1: Fly out, F9 (Flyball, 89D)
Top of the 5th over - 0 run(s), 0 hit(s), 0 error(s), 0 left on base; Mercer Island 0 - Sun Prairie 5
BOTTOM OF THE 5TH
Sun Prairie Swallows batting - Pitching for Mercer Island Screaming Eagles : LHP Luis Torres
Batting: RHB Joel Frazier 0-0: Ball
1-0: Called Strike
1-1: Ball
2-1: Ground out 5-3 (Groundball, 56S)
Batting: RHB José Silva 0-0: Ball
1-0: Ball
2-0: Ball
3-0: Called Strike
3-1: SINGLE (Groundball, 6MD)
Batting: RHB Bob Wilson 0-0: Ball
1-0: Ball
2-0: Ball
3-0: Called Strike
3-1: SINGLE (Flyball, 8RS)
José Silva to second
Runner from 2nd tries for 3rd, SAFE, no throw or cutoff
Batting: RHB Luis Tapia 0-0: Called Strike
0-1: SINGLE (Line Drive, 6D)
José Silva scores
Bob Wilson to second
Batting: RHB Matías Torrella 0-0: Called Strike
0-1: Fly out, F9 (Flyball, 89M)
Batting: RHB Reece White 0-0: Ball
1-0: Swinging Strike
1-1: Ball
2-1: Ground out 5-3 (Groundball, 56)
Bottom of the 5th over - 1 run(s), 3 hit(s), 0 error(s), 2 left on base; Mercer Island 0 - Sun Prairie 6
TOP OF THE 6TH
Mercer Island Screaming Eagles batting - Pitching for Sun Prairie Swallows : RHP Henry Yates
Batting: RHB Dong-po Tien 0-0: Called Strike
0-1: Foul Ball, location: 2F
0-2: Foul Ball, location: 2F
0-2: Ball
1-2: Ball
2-2: Ball
3-2: Strikes out swinging
Batting: RHB Shawn McCormack 0-0: Called Strike
0-1: Swinging Strike
0-2: Ball
1-2: Ball
2-2: Strikes out swinging
Batting: RHB Luis Antonio Hernández 0-0: Foul Ball, location: 2F
0-1: SINGLE (Line Drive, 6MD)
Batting: SHB León Estrada 0-0: Ball
1-0: Called Strike
1-1: Ball
Wild Pitch!
Luis Antonio Hernández to second
2-1: Foul Ball, location: 2F
2-2: Ball
3-2: Base on Balls
Batting: RHB Mike Kelly 0-0: Foul Ball, location: 2F
0-1: Ball
1-1: Ball
2-1: SINGLE (Line Drive, 9S)
Luis Antonio Hernández to third
León Estrada to second
Batting: RHB Jorge Peña 0-0: Swinging Strike
0-1: Fly out, F2 (Popup, 23F)
Top of the 6th over - 0 run(s), 2 hit(s), 0 error(s), 3 left on base; Mercer Island 0 - Sun Prairie 6
BOTTOM OF THE 6TH
Sun Prairie Swallows batting - Pitching for Mercer Island Screaming Eagles : LHP Luis Torres
Pitching: RHP Tom Hibbert
Batting: RHB Darby Carveth 0-0: Ground out 5-3 (Groundball, 15S)
Batting: RHB Scott Forrest 0-0: Foul Ball, location: 2F
0-1: Foul Ball, location: 2F
0-2: Ball
1-2: Strikes out swinging
Batting: RHB Alfonso López 0-0: Ball
1-0: Ball
2-0: Ball
3-0: Base on Balls
Batting: RHB Joel Frazier 0-0: Called Strike
Alfonso López steals 2nd base
0-1: Called Strike
0-2: Ball
1-2: Ball
2-2: Strikes out looking
Bottom of the 6th over - 0 run(s), 0 hit(s), 0 error(s), 1 left on base; Mercer Island 0 - Sun Prairie 6
TOP OF THE 7TH
Mercer Island Screaming Eagles batting - Pitching for Sun Prairie Swallows : RHP Henry Yates
Batting: RHB Leonardo Ramírez 0-0: Foul Ball, location: 2F
0-1: Swinging Strike
0-2: Ball
1-2: DOUBLE (Line Drive, 89XD)
Batting: RHB P.J. O'Keefe 0-0: Called Strike
0-1: Foul Ball, location: 2F
0-2: Ball
1-2: Ball
2-2: Ball
3-2: Base on Balls
Pitching: LHP Martin García
Batting: RHB Jason Ruffin 0-0: Ball
1-0: Fly out, F3 (Popup, 3L)
Batting: RHB Dong-po Tien 0-0: Fly out, F7 (Line Drive, 78M)
Batting: RHB Shawn McCormack 0-0: Called Strike
0-1: Ball
1-1: Ground out 4-3 (Groundball, 4)
Top of the 7th over - 0 run(s), 1 hit(s), 0 error(s), 2 left on base; Mercer Island 0 - Sun Prairie 6
BOTTOM OF THE 7TH
Sun Prairie Swallows batting - Pitching for Mercer Island Screaming Eagles : RHP Tom Hibbert
Batting: RHB José Silva 0-0: Ball
1-0: Fly out, F8 (Flyball, 8LM)
Batting: RHB Bob Wilson 0-0: Ball
1-0: Foul Ball, location: 2F
1-1: Swinging Strike
1-2: Ball
2-2: Strikes out swinging
Batting: RHB Luis Tapia 0-0: Called Strike
0-1: Ball
1-1: Swinging Strike
1-2: Strikes out swinging
Bottom of the 7th over - 0 run(s), 0 hit(s), 0 error(s), 0 left on base; Mercer Island 0 - Sun Prairie 6
TOP OF THE 8TH
Mercer Island Screaming Eagles batting - Pitching for Sun Prairie Swallows : LHP Martin García
Now at 2B: Dan Hart
Batting: RHB Luis Antonio Hernández 0-0: Called Strike
0-1: Swinging Strike
0-2: Strikes out swinging
Batting: SHB León Estrada 0-0: Ball
1-0: Foul Ball, location: 2F
1-1: Foul Ball, location: 2F
1-2: Ball
2-2: DOUBLE (Flyball, 7LM)
Batting: RHB Mike Kelly 0-0: Ball
1-0: Ball
2-0: Ball
3-0: Swinging Strike
3-1: Foul Ball, location: 2F
3-2: Fly out, F9 (Flyball, 89M)
Batting: RHB Jorge Peña 0-0: Ball
1-0: Called Strike
1-1: Foul Ball, location: 2F
1-2: Fly out, F4 (Popup, 4MD)
Top of the 8th over - 0 run(s), 1 hit(s), 0 error(s), 1 left on base; Mercer Island 0 - Sun Prairie 6
BOTTOM OF THE 8TH
Sun Prairie Swallows batting - Pitching for Mercer Island Screaming Eagles : RHP Tom Hibbert
Batting: RHB Matías Torrella 0-0: Swinging Strike
0-1: Swinging Strike
0-2: Ground out 1-3 (Groundball, 25)
Batting: RHB Reece White 0-0: Ball
1-0: Ground out 6-3 (Groundball, 6)
Batting: RHB Darby Carveth 0-0: Called Strike
0-1: Foul Ball, location: 2F
0-2: Ball
1-2: Foul Ball, location: 2F
1-2: Ball
2-2: Ball
3-2: Foul Ball, location: 2F
3-2: Strikes out swinging
Bottom of the 8th over - 0 run(s), 0 hit(s), 0 error(s), 0 left on base; Mercer Island 0 - Sun Prairie 6
TOP OF THE 9TH
Mercer Island Screaming Eagles batting - Pitching for Sun Prairie Swallows : LHP Martin García
Batting: RHB Leonardo Ramírez 0-0: Called Strike
0-1: Swinging Strike
0-2: Ball
1-2: Ball
2-2: Ball
3-2: Foul Ball, location: 2F
3-2: Strikes out looking
Batting: RHB P.J. O'Keefe 0-0: SINGLE (Groundball, 4M)
Batting: RHB Jason Ruffin 0-0: Called Strike
0-1: Ball
1-1: Called Strike
1-2: Ball
2-2: Ball
3-2: Base on Balls
P.J. O'Keefe to second
Batting: RHB Dong-po Tien 0-0: SINGLE (Groundball, 56)
P.J. O'Keefe to third
Jason Ruffin to second
Batting: RHB Shawn McCormack 0-0: Foul Ball, location: 2F
0-1: SINGLE (Line Drive, 6M)
P.J. O'Keefe scores
Jason Ruffin to third
Dong-po Tien to second
Pitching: RHP Josh Parker
Batting: RHB Luis Antonio Hernández 0-0: Fly out, F5 (Popup, 56S)
Batting: SHB León Estrada 0-0: Ball
1-0: Ball
2-0: Fly out, F8 (Flyball, 8LM)
Top of the 9th over - 1 run(s), 3 hit(s), 0 error(s), 3 left on base; Mercer Island 1 - Sun Prairie 6
This league is powered by Out of the Park Baseball, the baseball management simulation game for PC, Mac and Linux
Friday, July 8th, 2016 - OOTP Baseball 16.9 Build 39